 Dungeon Crawl Stone Soup version 0.21.1-1-g345015f (webtiles) character file.

17 tidbits the Insei (level 2, 22/23 HPs)
             Began as a Gnoll Transmuter on Feb 14, 2018.
             Was a Follower of Uskayaw.
             Quit the game on level 2 of the Dungeon.
             The game lasted 00:02:46 (313 turns).

tidbits the Insei (Gnoll Transmuter)                 Turns: 313, Time: 00:02:47

Health: 22/23      AC:  2    Str: 17    XL:     2   Next: 62%
Magic:  7/7        EV: 14    Int: 15    God:    Uskayaw [*.....]
Gold:   73         SH:  0    Dex: 15    Spells: 7/10 levels left

rFire    . . .     SeeInvis .     - Unarmed
rCold    . . .     Gourm    .   (no shield)
rNeg     . . .     Faith    .   b - +0 robe
rPois    .         Spirit   .   (no helmet)
rElec    .         Reflect  .   (no cloak)
rCorr    .         Harm     .   (no gloves)
MR       .....                  (boots currently unavailable)
Stlth    ++........             (no amulet)
HPRegen  0.07/turn              (no ring)
MPRegen  0.10/turn              (no ring)

@: mighty, appendage (expiring)
A: distributed training, fangs 1, talons 3, strong nose
a: End Transformation, Stomp, Renounce Religion


You were on level 2 of the Dungeon.
You worshipped Uskayaw.
Uskayaw was noncommittal.
You were not hungry.
You had grown temporary talons.
You visited 1 branch of the dungeon, and saw 3 of its levels.

You collected 73 gold pieces.

Inventory:

Hand Weapons
 e - a +0 scythe
 f - a +0 dagger
Missiles
 a - 24 arrows
Armour
 b - a +0 robe (worn)
Scrolls
 j - 3 scrolls of remove curse {unknown}
 k - a scroll of fog {unknown}
Potions
 g - a potion of might
 h - a potion of heal wounds {unknown}
 i - a potion of curing {unknown}
Books
 c - a book of Changes

   Spells                             Type                      Level
   a - Beastly Appendage              Transmutation                1
   b - Sticks to Snakes               Transmutation                2
   c - Spider Form                    Transmutation/Poison         3
   d - Ice Form                       Ice/Transmutation            4
   e - Blade Hands                    Transmutation                5
Comestibles
 d - a ration


   Skills:
 + Level 2.5 Fighting
 + Level 0.4 Short Blades
 + Level 0.4 Long Blades
 + Level 0.4 Axes
 + Level 0.4 Maces & Flails
 + Level 0.4 Polearms
 + Level 0.4 Staves
 + Level 0.4 Slings
 + Level 0.4 Bows
 + Level 0.4 Crossbows
 + Level 0.4 Throwing
 + Level 0.4 Armour
 + Level 4.5 Dodging
 + Level 0.4 Stealth
 + Level 0.4 Shields
 + Level 6.5 Unarmed Combat
 + Level 4.9 Spellcasting
 + Level 0.2 Conjurations
 + Level 0.2 Hexes
 + Level 0.2 Charms
 + Level 0.2 Summonings
 + Level 0.2 Necromancy
 + Level 0.2 Translocations
 + Level 3.7 Transmutations
 + Level 0.2 Fire Magic
 + Level 0.2 Ice Magic
 + Level 0.2 Air Magic
 + Level 0.2 Earth Magic
 + Level 0.2 Poison Magic
 + Level 0.5 Invocations
 + Level 0.4 Evocations


You had 7 spell levels left.
You knew the following spells:

 Your Spells              Type           Power        Failure   Level  Hunger
e - Beastly Appendage     Tmut           ##....       3%          1    None
k - Sticks to Snakes      Tmut           ##......     5%          2    ##.....


Dungeon Overview and Level Annotations

Branches:
Dungeon (3/15)

Altars:
Uskayaw
Yredelemnul


Innate Abilities, Weirdness & Mutations

Your experience applies equally to all skills.
You have very sharp teeth.
Your uncanny sense of smell can sniff out nearby items.
You have claws for feet.


Message History

You closely miss the hobgoblin. Your kick misses the hobgoblin.
Your bite misses the hobgoblin.
The hobgoblin hits you but does no damage.
You hit the hobgoblin.
You kill the hobgoblin!
You hit the kobold.
You kill the kobold!
Items here: )) †† a short sword; a club; a kobold corpse; a hobgoblin corpse
Found a stone staircase leading up.
Your transformation is almost over.
There is a stone staircase leading up here.
You climb upwards.
Found 19 gold pieces.
There is a stone staircase leading down here.
Found 11 gold pieces.
You see here 19 gold pieces.
You now have 53 gold pieces (gained 19).
Your talons disappear.
A rat comes into view.
You see here 11 gold pieces.
Casting: Beastly Appendage
Confirm with . or Enter, or press ? or * to list all spells.
Your feet morph into talons.
The rat twitches its whiskers.
You hit the rat.
You kill the rat!
You now have 64 gold pieces (gained 11).
Your transformation is almost over.
There is a stone staircase leading down here.
You climb downwards.
There is a stone staircase leading up here.
Unknown command.
Your talons disappear.
A bat comes into view.
Casting: Beastly Appendage
Confirm with . or Enter, or press ? or * to list all spells.
Your feet morph into talons.
The bat closely misses you.
You punch the bat!
You kill the bat!
Found a scythe.
A goblin comes into view. It is wielding a dagger.
The goblin shouts!
You see here a scythe.
e - a scythe Your transformation is almost over.
Found 9 gold pieces.
Casting: Beastly Appendage
Confirm with . or Enter, or press ? or * to list all spells.
You extend your transformation's duration.
You hit the goblin but do no damage. Your kick misses the goblin.
The goblin completely misses you.
You hit the goblin.
You kill the goblin!
Things that are here:
a dagger; a goblin corpse A goblin comes into view.
Unknown command.
Found a fuming dark potion.
You see here 9 gold pieces.
You now have 73 gold pieces (gained 9).
The goblin shouts!
Found 3 scrolls labeled SADILO XUDWU OPN.
You see here a fuming dark potion.
h - a fuming dark potion You see here 3 scrolls labeled SADILO XUDWU OPN.
j - 3 scrolls labeled SADILO XUDWU OPN
Casting: Beastly Appendage
Confirm with . or Enter, or press ? or * to list all spells.
You extend your transformation's duration.
You miss the goblin. The goblin hits you.
You barely miss the goblin. Your kick misses the goblin.
The goblin hits you but does no damage.
You closely miss the goblin. You claw the goblin.
The goblin is severely wounded.
The goblin hits you.
You barely miss the goblin. Your kick misses the goblin.
The goblin is severely wounded.
The goblin hits you but does no damage.
You hit the goblin.
You kill the goblin!
You open the door.
Found a faded altar of an unknown god.
Unknown command.
Found a scroll labeled UNWUAN YNKE MUO.
There is an open door here.
There is a faded altar of an unknown god here.
Your transformation is almost over.
You see here a scroll labeled UNWUAN YNKE MUO.
k - a scroll labeled UNWUAN YNKE MUO It was a potion of might.
You feel very mighty all of a sudden.
There is a faded altar of an unknown god here.
You cannot tell which god this altar belongs to.
Convert to them anyway? [Y]es or [N]o only, please.
You cannot tell which god this altar belongs to.
Convert to them anyway?
Uskayaw accepts your prayer! Uskayaw welcomes you!
You can now stomp with the beat.
Are you sure you want to abandon this character and quit the game? (Confirm with "yes".)

#,* #.###P.#,,,,*********,****,
##.####.##.P.#,8,**,,,,,,,,,,,**,
........##.P.#,,,**,,,,,,,,,,,,,,
##.####......#****∆,>,,,,,,,*,**,
*#,* #......#####***********,**,
**,* #.##.P.#...# *,**, **,*
#.##♣P.#...## *,*,,
*#.####.###..#.P..# *,,,,
*#.....)..#..'..@.# ***,*
*######...#..#.PP.# *,* *
##.#.#..#88.## *,* *
##....##.#...# *******,* *
#.#.#..#.##### *,,,,,,,, *
#....#.###******** *,******* *
#...##...,,,,,,,,* *,* *
#...#*####******,* *,* ##### *
#...# *,* ##.###....


There were no monsters in sight!

Vanquished Creatures
  A dart slug (D:1)
  4 goblins
  2 hobgoblins (D:2)
  3 bats
  2 frilled lizards (D:1)
  2 kobolds (D:2)
  A rat (D:1)
15 creatures vanquished.

Notes
Turn   | Place    | Note
-------+----------+-------------------------------------------
     0 | D:1      | tidbits the Gnoll Transmuter began the quest for the Orb.
     0 | D:1      | Reached XP level 1. HP: 17/17 MP: 6/6
    77 | D:1      | Reached XP level 2. HP: 23/23 MP: 7/7
    81 | D:1      | Learned a level 2 spell: Sticks to Snakes
   146 | D:2      | Found a basalt altar of Yredelemnul.
   303 | D:2      | Found a faded altar of an unknown god.
   312 | D:2      | Became a worshipper of Uskayaw the Reveler
   312 | D:2      | Reached * piety under Uskayaw
   313 | D:2      | Quit the game

Action                   || total
-------------------------++-------
Melee: Unarmed           ||    31
       Kick              ||     7
       Bite              ||     1
 Cast: Beastly Appendage ||     9
  Use: Scroll            ||     2
       Potion            ||     1
Armor: Robe              ||     3
Dodge: Dodged            ||    12

Table legend:
 A = Turns spent in this place as a percentage of turns spent in the entire game.
 B = Non-inter-level travel turns spent in this place as a percentage of non-inter-level travel turns spent in the entire game.
 C = Inter-level travel turns spent in this place as a percentage of turns spent in this place.
 D = Turns resting spent in this place as a percentage of non-inter-level travel turns spent in this place.
 E = Turns spent auto-exploring this place as a percentage of non-inter-level travel turns spent in this place.
 F = Non-inter-level travel turns spent in this place divided by the number of levels of this place that you've seen.
                   A       B       C       D       E      F
               +-------+-------+-------+-------+-------+----------------------
         Total | 100.0 | 100.0 |   0.0 |   0.0 |   0.0 | 104.3
       Dungeon | 100.0 | 100.0 |   0.0 |   0.0 |   0.0 | 104.3
               +-------+-------+-------+-------+-------+----------------------

Table legend:
 A = Kills in this place as a percentage of kills in entire the game.
 B = Kills by you in this place as a percentage of kills by you in the entire game.
 C = Kills by friends in this place as a percentage of kills by friends in the entire game.
 D = Other kills in this place as a percentage of other kills in the entire game.
 E = Experience gained in this place as a percentage of experience gained in the entire game.
 F = Experience gained in this place divided by the number of levels of this place that you have seen.
                   A       B       C       D       E      F
               +-------+-------+-------+-------+-------+----------------------
         Total | 100.0 | 100.0 |   N/A |   N/A | 100.0 |   8.3
       Dungeon | 100.0 | 100.0 |   N/A |   N/A | 100.0 |   8.3
               +-------+-------+-------+-------+-------+----------------------

Vault maps used:
D:1:      nicolae_arrival_memento_mori, minivault_27
D:2:      lemuel_doored_altar, tso_metal_star, chequers_ecumenical_altar_lobes
D:3:      first_ration
